Indica, lawful female human Priestess ---- --- ---- --- |..| ---.-- --- --..| --.-----..-------.--- |..^.| --- ---.- |.%.| |..*................| ---....| |.-- --... ---.|.| --......---------...- - -- |.......| --.(-- |....- |...|.| --.%..- -....---...---.---....------....---.)..----.--|.| --..--- ...............:.....................^..^>..| |.| --...| -.----.a.............------........*...------ |.| --.--- --.@............-------........|..| |.| --- ---- |...| -...........................|)---- |.--- --.-- |..--- ---.--- ---- .|........G......---........|...|---- |...| --...| |....----|...----..| |........|......--......------.--..-- ---.------....| --.......--....|...-- |.......---.........--.--- |......| |...||.)%...-- --.................| ---.....| ----.....--|...-------...-- ---.--%---...| --.-.........|.)....-- ---...| |.....| ---....| --..| |....| --.-- |............|.......-- --.-- |.--..|---.....| ---- ---(.-- --- |............|--......---- --- --.|--- |.......-- --...-- --.......|....---.....<.|.| ---..| |........-- |.....| |.......---....|..........| |....| --...|....| |.....| --.------ ---.---.--.------ |..--- |..---..-- --.--- --- --- ------ ---- ---- ---- --- Indica the Adept Experience level: 7 Strength: 10 Dexterity: 14 Constitution: 17 Intelligence: 9 Wisdom: 18 Charisma: 8 Health: 0(65) Energy: 97(97) Def: 1 Gold: 35 Moves: 3717 Dungeon seed: 333qBWoKNhZqtfGE Game ID: Indica_1511259255 Your Inventory: Coins $ - 35 gold pieces Weapons C - 6 +1 darts (in quiver) F - 5 +0 daggers Armor q - a +0 pair of leather gloves N - a +0 orcish helm (being worn) Comestibles d - a sprig of wolfsbane i - a clove of garlic o - a food ration Scrolls E - a scroll of create monster Spellbooks f - a spellbook of light g - a spellbook of cure sickness k - a spellbook of magic mapping Potions b - 4 potions of holy water m - 2 potions of water p - a potion of hallucination v - a potion of oil D - a potion of enlightenment Rings A - a ring of conflict Wands u - a wand of sleep (0:5) Tools H - a mirror K - a tallow candle (0:200) L - a wax candle (0:400) Gems n - a worthless piece of green glass Spells and supernatural/magical abilities: Name Level Category Fail Memory l - light 1 divination 4% 82% K - cure sickness 3 healing 86% 82% W - pray for help -- divine ? -- X - turn undead -- divine ? -- Your skills at the end: Fighting Skills Weapon Skills mace [Skilled] Spellcasting Skills clerical spells [Basic] Final Attributes: You were piously aligned. You were telepathic. You are dead. Vanquished creatures: a giant spider 2 gnome kings an orc mummy a raven a snake an ape a rock mole a violet fungus 5 gnome lords 2 gnomish wizards a black naga hatchling an elf zombie a baby crocodile a giant ant a little dog a floating eye a dwarf a homunculus 2 rabid rats a centipede 6 monkeys a wererat a werejackal 2 coyotes a large kobold 4 giant rats 42 gnomes 2 gnome zombies 17 jackals a fox 2 kobolds 5 goblins a sewer rat a grid bug 3 lichens 4 newts 120 creatures vanquished. Voluntary challenges: You had been an atheist until turn 1869. You used a wielded weapon 178 times, starting on turn 9. You read items or engraved 16 times, starting on turn 1130. You never genocided any monsters. You never polymorphed an object. You never changed form. You used no wishes. You never split a pudding. You wrote Elbereth's name 9 times, starting on turn 1130. You never violated your personal moral code. Dungeon overview: The Dungeons of Doom: levels 1 to 2 Level 1 a fountain a long staircase Level 2 a general store stairs to The Gnomish Mines The Gnomish Mines: levels 3 to 8 Level 3 stairs to The Dungeons of Doom Level 4 Level 5 many shops, a temple to Chih Sung-tzu, some fountains, a sink Level 6 <- You were here Level 7 Level 8 History has recorded: On T:1 you entered the Dungeons of Doom to retrieve the Amulet of Yendor! On T:285 you advanced to experience level 2. On T:387 you reached level 2 of The Dungeons of Doom. On T:510 you advanced to experience level 3. On T:708 you reached level 1 of The Gnomish Mines. On T:805 you reached level 2 of The Gnomish Mines. On T:843 you advanced to experience level 4. On T:1044 you advanced to experience level 5. On T:1546 you reached level 3 of The Gnomish Mines. On T:1602 you reached level 5 of The Gnomish Mines. On T:1617 you advanced to experience level 6. On T:1722 you reached level 6 of The Gnomish Mines. On T:1821 you reached level 4 of The Gnomish Mines. On T:2519 you advanced to experience level 7. Score breakdown: Gold: 35 ( 5294 points) Experience: 7 levels (13645 points) Exploration: 8 levels ( 15.69%) (11224 points) Discoveries: 14 items ( 4.71%) ( 6513 points) Valuables value: (no points given unless you survive) Artifact value: 0 ( 0 points) Variety of kills: 36 monsters ( 9.45%) ( 9221 points) Turncount: 3717 turns ( -916 points) Survival: died (score multiplied by 80%) Total score: 35984 Latest messages: You hear someone cursing shoplifters. The door resists! The door opens. You hit the wood nymph. The wood nymph stole a yellow potion. You hear the chime of a cash register. It stole 7 darts. You attack thin air. You hear a gurgling noise. You escape a trap door. A trap door opens up under you! You hit the soldier ant. The soldier ant bites! The soldier ant stings! The soldier ant bites! The soldier ant stings! You hit the soldier ant. The soldier ant bites! The soldier ant stings! The soldier ant's sting was poisoned! You hit the soldier ant. The soldier ant bites! The soldier ant stings! The soldier ant bites! You die... Final status: Goodbye Indica the Priestess, killed by a soldier ant... You died in The Gnomish Mines on dungeon level 6 with 35984 points, and 35 pieces of gold, after 3717 moves. You were level 7 with a maximum of 65 hit points when you died.